AoeStats
← 公鸡神探

Arena

507745560Analyzed
4v4 RM · 13d ago on Sep 19, 2026· 35m 54s· 8 players
Game mode
Random Map
Map size
Large (8 player)
Population
200
Speed
Normal
Resources
Standard
Victory
Conquest
Starting age
Dark Age
Ending age
Imperial Age
RankedLock teamsTeams togetherTeam positionsShared explorationLock speedFull tech treeHidden civsTurbo modeCheats
Victory
Defeat
🇨🇳 Khmer · China
1272
+10
🇨🇳 Bulgarians · China
1169
+14
🇨🇳 Burgundians · China
1168
+15
🇨🇳 Bohemians · China
1137
+16
🇨🇳 Romans · China
1155
-14
🇧🇷 Turks · Brazil
1149
-14
🇨🇳 Franks · China
1141
-14
1110
-13
HAHA
5:04 Loom
12:06 Feudal Age
12:59 Town Watch
20:26 Castle Age
19:55 Fletching
19:52 Double-Bit Axe
19:49 Horse Collar
21:27 Bodkin Arrow
24:52 Wheelbarrow
24:29 Bow Saw
26:12 Gold Mining
30:56 Imperial Age
28:23 Stone Mining
29:36 Hand Cart
29:45 Masonry
30:29 Murder Holes
30:56 Ballistics
30:46 Padded Archer Armor
32:20 Bracer
无甲的joe
9:42 Feudal Age
11:38 Double-Bit Axe
14:18 Castle Age
17:42 Forging
17:37 Scale Barding Armor
公鸡神探
9:21 Feudal Age
13:09 Castle Age
12:51 Double-Bit Axe
翻斗花园突破手绫小路
10:57 Feudal Age
14:55 Castle Age
12:59 Double-Bit Axe
13:02 Horse Collar
_TY_梦涯
10:47 Feudal Age
11:40 Double-Bit Axe
14:51 Castle Age
14:44 Wheelbarrow
13:50 Horse Collar
15:54 Bow Saw
15:44 Heavy Plow
16:54 Loom
25:03 Gold Mining
25:07 Stone Mining
28:48 Imperial Age
27:42 Scale Mail Armor
27:52 Forging
28:07 Hand Cart
27:34 Pikeman
28:15 Squires
28:00 Gambesons
28:01 Arson
29:00 Chain Mail Armor
29:20 Iron Casting
30:04 Plate Mail Armor
29:12 Capped Ram
30:16 Siege Ram
_TY_小东
11:00 Feudal Age
11:29 Double-Bit Axe
13:54 Castle Age
11:46 Horse Collar
14:52 Bow Saw
22:00 Wheelbarrow
23:16 Hand Cart
22:55 Gold Mining
24:38 Gold Shaft Mining
27:50 Imperial Age
26:18 Loom
27:16 Scale Barding Armor
27:23 Forging
27:38 Bloodlines
27:29 Husbandry
28:37 Chain Barding Armor
28:52 Iron Casting
27:58 Elite Battle Elephant
29:00 Conscription
29:45 Plate Barding Armor
29:26 Tusk Swords
32:11 Blast Furnace
32:51 Light Cavalry
33:27 Fletching
34:16 Loom
33:53 Hussar
34:42 Town Watch
34:54 Bodkin Arrow
35:32 Coinage
36:23 Bracer
darker
6:35 Loom
9:45 Feudal Age
12:42 Double-Bit Axe
21:16 Castle Age
20:20 Horse Collar
23:33 Heavy Plow
24:01 Bow Saw
27:19 Chemistry
30:28 Imperial Age
31:49 Conscription
33:03 Wheelbarrow
31:55 Houfnice
32:46 Siege Engineers
34:57 Hand Cart
35:38 Padded Archer Armor
白木
3:24 Double-Bit Axe
6:17 Horse Collar
11:14 Feudal Age
15:34 Castle Age
13:46 Bow Saw
15:57 Light Cavalry
17:40 Heavy Plow
21:40 Wheelbarrow
23:11 Two-Man Saw
22:43 Gold Mining
24:06 Gold Shaft Mining
24:38 Two-Man Saw
24:51 Hand Cart
25:03 Fervor
25:03 Loom
25:17 Stone Mining
28:40 Imperial Age
30:57 Coinage
31:37 Banking
30:54 Loom
30:55 Town Watch
32:53 Crop Rotation
33:27 Stone Shaft Mining
Connection lost

Rejoining the realm…

Still unreachable

The connection could not be restored.

Session expired

The server has moved on; the page needs a fresh start.